AoeStats
← TKBXPT2214

Black Forest

505513562Analyzed
4v4 RM · 24d ago on Sep 9, 2026· 49m 51s· 8 players
Game mode
Random Map
Map size
Large (8 player)
Population
200
Speed
Normal
Resources
Standard
Victory
Conquest
Starting age
Dark Age
Ending age
Imperial Age
RankedLock teamsTeams togetherTeam positionsShared explorationLock speedFull tech treeHidden civsTurbo modeCheats
Victory
Defeat
🇪🇸 Persians · Spain
1111
+14
🇧🇷 Bohemians · Brazil
1074
+15
🇦🇷 Celts · Argentina
1052
+16
🇨🇳 Turks · China
1036
+16
🇺🇸 Khmer · United States
1080
-16
🇹🇷 Mongols · Türkiye
1075
-16
🇲🇽 Portuguese · Mexico
1054
-15
🇺🇸 Celts · United States
1028
-14
Zizzle4879
4:07 Loom
12:17 Feudal Age
13:10 Double-Bit Axe
13:20 Man-at-Arms
13:46 Arson
15:04 Forging
14:38 Horse Collar
20:36 Castle Age
19:21 Gold Mining
23:18 Scale Mail Armor
23:42 Stone Mining
25:10 Heavy Plow
25:45 Bow Saw
26:25 Town Watch
27:19 Wheelbarrow
35:02 Imperial Age
33:30 Scale Barding Armor
33:50 Ballistics
34:18 Husbandry
34:29 Bloodlines
34:44 Chain Barding Armor
34:42 Caravan
35:14 Heavy Scorpion
36:11 Double Crossbow
37:02 Gold Shaft Mining
37:37 Conscription
36:43 Light Cavalry
37:33 Elite Battle Elephant
39:05 Iron Casting
45:21 Hussar
Neto
0:40 Loom
12:19 Feudal Age
18:28 Castle Age
19:54 Double-Bit Axe
22:27 Sanctity
22:25 Horse Collar
23:47 Redemption
26:15 Heavy Plow
26:08 Gold Mining
29:03 Fervor
30:17 Bow Saw
30:42 Caravan
30:22 Pikeman
35:10 Imperial Age
33:51 Fortified Wall
35:00 Masonry
34:32 Treadmill Crane
36:26 Wheelbarrow
37:03 Chemistry
36:25 Block Printing
37:49 Theocracy
39:21 Siege Engineers
39:48 Stone Mining
41:31 Ballistics
41:14 Arquebus
44:54 Conscription
46:28 Two-Man Saw
cold1a
0:30 Loom
23:36 Feudal Age
30:26 Castle Age
28:43 Double-Bit Axe
30:01 Horse Collar
31:48 Heavy Plow
33:24 Wheelbarrow
33:08 Bow Saw
34:04 Arson
34:20 Squires
33:41 Pikeman
34:59 Town Watch
39:18 Stone Mining
39:18 Gold Mining
JohnWick
1:29 Loom
11:34 Feudal Age
12:59 Wheelbarrow
12:08 Horse Collar
12:14 Double-Bit Axe
17:54 Stone Mining
21:08 Castle Age
19:39 Gold Mining
21:23 Town Watch
22:11 Hand Cart
22:00 Heavy Plow
22:12 Bow Saw
22:39 Gold Shaft Mining
23:28 Town Watch
28:06 Caravan
32:06 Imperial Age
31:11 Ballistics
32:53 Siege Engineers
33:50 Chemistry
32:13 Heavy Scorpion
35:02 Furor Celtica
36:41 Pikeman
37:36 Forging
37:26 Scale Mail Armor
37:20 Halberdier
40:26 Iron Casting
40:06 Chain Mail Armor
39:58 Scale Barding Armor
40:35 Cavalier
41:16 Husbandry
42:32 Blast Furnace
48:20 Paladin
davidturbao
0:28 Loom
18:37 Feudal Age
19:46 Wheelbarrow
18:55 Horse Collar
19:03 Double-Bit Axe
26:11 Castle Age
24:19 Stone Mining
25:27 Gold Mining
26:56 Hand Cart
26:54 Bow Saw
26:47 Heavy Plow
30:23 Stone Shaft Mining
30:28 Gold Shaft Mining
30:26 Caravan
37:01 Imperial Age
34:52 Forging
34:48 Scale Barding Armor
37:27 Chain Barding Armor
37:43 Iron Casting
38:46 Two-Man Saw
38:23 Crop Rotation
39:27 Bloodlines
39:27 Husbandry
40:44 Elite War Elephant
45:24 Blast Furnace
49:11 Plate Barding Armor
edu_hen
2:51 Loom
11:23 Feudal Age
16:30 Castle Age
18:27 Double-Bit Axe
18:28 Horse Collar
20:26 Heavy Plow
23:52 Wheelbarrow
27:07 Hand Cart
30:08 Bow Saw
33:43 Imperial Age
32:01 Fletching
32:14 Padded Archer Armor
33:30 Chemistry
33:04 Bodkin Arrow
34:07 Fervor
36:09 Conscription
36:38 Ballistics
36:35 Bow Saw
36:42 Leather Archer Armor
37:06 Pikeman
38:51 Ring Archer Armor
39:05 Siege Engineers
38:59 Treadmill Crane
39:21 Bracer
39:33 Forging
41:03 Halberdier
41:45 Scale Mail Armor
42:21 Iron Casting
43:40 Chain Mail Armor
44:26 Blast Furnace
44:30 Masonry
44:41 Bombard Tower
46:00 Plate Mail Armor
w2k8m1w2762
1:05 Loom
10:55 Feudal Age
17:13 Castle Age
17:22 Double-Bit Axe
17:28 Horse Collar
21:32 Wheelbarrow
21:21 Bow Saw
21:03 Gold Mining
21:17 Heavy Plow
31:33 Imperial Age
29:53 Hand Cart
29:24 Town Watch
30:54 Stone Mining
31:40 Gold Shaft Mining
31:43 Ballistics
31:34 Masonry
31:20 Murder Holes
31:06 Treadmill Crane
31:24 Fletching
31:44 Forging
31:40 Scale Barding Armor
31:37 Padded Archer Armor
33:04 Bloodlines
32:54 Husbandry
33:33 Iron Casting
32:53 Bodkin Arrow
33:52 Town Patrol
34:16 Chain Barding Armor
34:34 Architecture
33:50 Arrowslits
33:48 Heavy Camel Rider
34:55 Conscription
36:03 Artillery
35:27 Elite Janissary
38:01 Leather Archer Armor
38:22 Plate Barding Armor
38:48 Blast Furnace
37:49 Bracer
40:35 Ring Archer Armor
40:56 Bombard Tower
TKBXPT2214
1:59 Loom
11:25 Feudal Age
12:48 Wheelbarrow
17:24 Castle Age
15:45 Double-Bit Axe
18:43 Hand Cart
26:33 Stone Mining
26:34 Gold Mining
27:04 Bow Saw
27:42 Horse Collar
33:29 Imperial Age
33:50 Gold Shaft Mining
33:51 Stone Shaft Mining
33:57 Caravan
34:50 Onager
34:51 Capped Ram
34:51 Heavy Scorpion
36:43 Forging
36:33 Scale Mail Armor
37:16 Siege Ram
37:18 Elite Woad Raider
39:12 Furor Celtica
39:51 Siege Engineers
40:32 Chain Mail Armor
40:53 Iron Casting
41:54 Chemistry
40:49 Fletching
41:15 Siege Onager
42:39 Conscription
42:30 Pikeman
45:03 Blast Furnace
44:34 Plate Mail Armor
44:00 Bodkin Arrow
43:45 Halberdier
47:24 Gambesons
47:25 Arson
Connection lost

Rejoining the realm…

Still unreachable

The connection could not be restored.

Session expired

The server has moved on; the page needs a fresh start.